AoeStats
← Emperor_Napoleon

MegaRandom

510765743Analyzed
2v2 RM · 12h ago on Oct 2, 2026· 17m 46s· 4 players
Game mode
Random Map
Map size
Medium (4 player)
Population
200
Speed
Normal
Resources
Standard
Victory
Conquest
Starting age
Dark Age
Ending age
Imperial Age
RankedLock teamsTeams togetherTeam positionsShared explorationLock speedFull tech treeHidden civsTurbo modeCheats
Victory
Defeat
🇨🇳 Danes · China
1812
+17
🇨🇳 Bulgarians · China
1757
+19
🇩🇪 Japanese · Germany
1837
-18
🇨🇭 Jurchens · Switzerland
1834
-18
Emperor_Napoleon
12:32 Feudal Age
13:51 Double-Bit Axe
14:01 Loom
16:23 Castle Age
14:22 Fletching
16:24 Fishing Lines
17:18 Gold Mining
17:41 Medium Warships
18:03 Bow Saw
老愛國
10:48 Feudal Age
10:48 Loom
15:00 Castle Age
14:47 Forging
16:37 Scale Barding Armor
17:00 Double-Bit Axe
[V-VI] LemonJack
11:06 Feudal Age
9:36 Loom
14:39 Castle Age
12:26 Double-Bit Axe
13:31 Horse Collar
14:49 Fletching
16:38 Bodkin Arrow
[V-VI] Annotoph
9:58 Loom
12:12 Feudal Age
16:12 Castle Age
14:21 Double-Bit Axe
15:05 Fishing Lines
17:23 Medium Warships
17:33 Bow Saw
17:52 Forging
Connection lost

Rejoining the realm…

Still unreachable

The connection could not be restored.

Session expired

The server has moved on; the page needs a fresh start.